AoeStats
← markmax444

Arena

510121887Analyzed
4v4 RM · 3d ago on Sep 29, 2026· 40m 20s· 8 players
Game mode
Random Map
Map size
Large (8 player)
Population
200
Speed
Normal
Resources
Standard
Victory
Conquest
Starting age
Dark Age
Ending age
Imperial Age
RankedLock teamsTeams togetherTeam positionsShared explorationLock speedFull tech treeHidden civsTurbo modeCheats
Victory
Defeat
🇩🇪 Sicilians · Germany
1281
+11
🇯🇵 Huns · Japan
1280
+11
🇳🇱 Portuguese · Netherlands
1211
+12
🇨🇳 Franks · China
1211
+13
🇹🇼 Bengalis · Taiwan
1189
-13
🇹🇼 Slavs · Taiwan
1167
-12
🇹🇼 Ethiopians · Taiwan
1166
-12
🇹🇼 Vietnamese · Taiwan
1110
-10
deRoode
10:36 Feudal Age
8:53 Loom
14:25 Castle Age
12:37 Double-Bit Axe
14:58 Horse Collar
15:32 Bow Saw
17:25 Heavy Plow
19:26 Loom
19:45 Gold Mining
22:12 Wheelbarrow
23:11 Stone Mining
29:36 Imperial Age
27:49 Hand Cart
28:32 Stone Shaft Mining
29:08 Town Watch
29:40 Fletching
31:17 Masonry
30:51 Treadmill Crane
33:40 Crop Rotation
34:13 Two-Man Saw
34:28 Chemistry
34:01 Architecture
33:45 Fortified Wall
33:59 Town Patrol
36:19 Siege Engineers
36:38 Ballistics
36:40 Bombard Tower
36:03 Elite Organ Gun
37:04 Conscription
36:50 Arquebus
99k
11:06 Feudal Age
14:52 Castle Age
13:14 Double-Bit Axe
16:41 Bow Saw
18:08 Wheelbarrow
19:51 Gold Mining
21:17 Gold Shaft Mining
20:33 Stone Mining
23:23 Loom
25:24 Hand Cart
28:58 Imperial Age
27:49 Padded Archer Armor
27:57 Scale Barding Armor
28:02 Forging
28:05 Town Watch
30:16 Chain Barding Armor
30:31 Iron Casting
29:25 Cavalier
30:05 Husbandry
30:38 Chivalry
31:11 Conscription
30:12 Ordonnance Companies
31:37 Paladin
33:48 Plate Barding Armor
34:30 Blast Furnace
33:25 Pikeman
34:06 Squires
33:51 Gambesons
33:52 Arson
34:10 Scale Mail Armor
37:12 Halberdier
38:20 Chain Mail Armor
39:53 Plate Mail Armor
阿勇哥
11:58 Feudal Age
13:03 Double-Bit Axe
13:10 Horse Collar
15:48 Castle Age
13:46 Gold Mining
14:35 Fletching
15:44 Padded Archer Armor
17:08 Bow Saw
16:56 Bodkin Arrow
20:11 Gold Shaft Mining
23:15 Stone Mining
24:40 Ballistics
25:09 Masonry
28:16 Heavy Plow
29:10 Loom
29:47 Leather Archer Armor
31:02 Wheelbarrow
32:34 Hand Cart
36:38 Imperial Age
34:43 Scale Barding Armor
35:46 Chain Barding Armor
35:37 Forging
36:12 Bloodlines
36:21 Husbandry
38:04 Plate Barding Armor
37:48 Cavalier
39:24 Iron Casting
41:14 Blast Furnace
Baratticus
6:49 Loom
9:12 Feudal Age
10:12 Double-Bit Axe
19:34 Horse Collar
22:08 Castle Age
22:58 Fletching
23:09 Padded Archer Armor
23:07 Crossbowman
23:31 Crossbowman
25:09 Bodkin Arrow
27:40 Leather Archer Armor
29:54 Ballistics
39:47 Imperial Age
38:22 Gold Mining
40:35 Wheelbarrow
39:53 Arbalester
s28366648
10:39 Feudal Age
14:33 Castle Age
12:27 Double-Bit Axe
12:46 Horse Collar
15:37 Bow Saw
20:13 Fortified Wall
21:18 Wheelbarrow
22:30 Heavy Plow
23:16 Hand Cart
22:48 Loom
28:42 Imperial Age
27:14 Gold Mining
27:15 Stone Mining
28:34 Gold Shaft Mining
28:51 Forging
28:47 Scale Barding Armor
29:06 Fletching
31:25 Iron Casting
31:12 Chain Barding Armor
31:59 Ballistics
31:48 Scale Mail Armor
34:55 Chemistry
34:01 Siege Engineers
34:09 Bloodlines
33:59 Husbandry
34:43 Detinets
34:06 Elite Boyar
36:45 Two-Man Saw
35:41 Pikeman
36:21 Squires
36:34 Halberdier
39:24 Blast Furnace
39:00 Plate Barding Armor
38:41 Chain Mail Armor
38:22 Bodkin Arrow
38:26 Murder Holes
39:32 Conscription
39:13 Druzhina
tyui18522
9:59 Feudal Age
8:50 Loom
11:32 Loom
14:16 Castle Age
12:14 Double-Bit Axe
12:39 Horse Collar
16:51 Fletching
19:21 Bodkin Arrow
19:48 Bow Saw
22:11 Scale Barding Armor
22:59 Ballistics
23:03 Town Watch
24:37 Wheelbarrow
25:38 Padded Archer Armor
31:31 Imperial Age
31:00 Hand Cart
31:00 Stone Mining
31:00 Gold Mining
31:14 Heavy Plow
31:34 Leather Archer Armor
31:40 Chain Barding Armor
31:49 Husbandry
31:59 Bloodlines
32:55 Gold Shaft Mining
34:21 Chemistry
33:17 Murder Holes
33:59 Plate Barding Armor
34:46 Paiks
35:01 Conscription
35:26 Bracer
35:57 Ring Archer Armor
35:38 Elite Ratha (Ranged)
36:51 Light Cavalry
38:12 Elite Battle Elephant
39:17 Forging
40:18 Two-Man Saw
39:51 Crop Rotation
40:35 Mahayana
markmax444
7:51 Loom
10:51 Feudal Age
13:44 Fletching
19:18 Castle Age
18:05 Double-Bit Axe
20:19 Bow Saw
20:23 Bodkin Arrow
20:09 Crossbowman
20:39 Horse Collar
23:44 Gold Mining
23:44 Stone Mining
27:13 Stone Shaft Mining
28:18 Gold Shaft Mining
28:48 Wheelbarrow
30:02 Padded Archer Armor
32:51 Leather Archer Armor
33:12 Hand Cart
35:39 Fortified Wall
35:39 Masonry
41:08 Imperial Age
Cara G
12:33 Feudal Age
10:49 Loom
16:54 Castle Age
15:02 Double-Bit Axe
15:05 Horse Collar
18:32 Bow Saw
18:25 Heavy Plow
24:52 Wheelbarrow
24:03 Town Watch
26:55 Hand Cart
31:36 Forging
31:26 Scale Mail Armor
31:27 Padded Archer Armor
32:42 Thumb Ring
34:56 Gold Mining
34:56 Stone Mining
34:52 Elite Skirmisher
36:42 Iron Casting
38:01 Chain Mail Armor
38:01 Leather Archer Armor
37:37 Fletching
Connection lost

Rejoining the realm…

Still unreachable

The connection could not be restored.

Session expired

The server has moved on; the page needs a fresh start.